 Dungeon Crawl Stone Soup version 0.18-a0-1147-g8e8348b (webtiles) character file.

604 st0uf the Ruffian (level 7, -1/55 HPs)
             Began as a White Draconian Transmuter on Jan 22, 2016.
             Hit by a tomahawk thrown by an orc (4 damage)
             ... on level 7 of the Dungeon.
             The game lasted 00:12:01 (1863 turns).

st0uf the Ruffian (White Draconian Transmuter)      Turns: 1863, Time: 00:12:02

Health: -1/55      AC:  6    Str: 13    XL:     7   Next: 18%
Magic:  11/11      EV: 13    Int: 15    God:
Gold:   33         SH:  0    Dex: 11    Spells: 3 memorised, 6 levels left

rFire  . . .     SeeInvis .       - Unarmed
rCold  + . .     Gourm    .     (armour unavailable)
rNeg   . . .     Faith    .     (no shield)
rPois  .         Spirit   .     (helmet restricted)
rElec  .         Dismiss  .     (no cloak)
rCorr  .         Reflect  .     (no gloves)
SustAt .         Harm     .     (no boots)
MR     .....                    (no amulet)
Stlth  +.........               (no ring)
                                (no ring)

@: drained, not resistant to hostile enchantments, very unstealthy
A: breathe frost, unfitting armour, cold resistance 1, cold-blooded, AC +6
a: Breathe Frost


You were on level 7 of the Dungeon.
You were not hungry.

You visited 1 branch of the dungeon, and saw 7 of its levels.

You collected 33 gold pieces.

Inventory:

Missiles
 a - 56 arrows
Scrolls
 d - a scroll of remove curse {unknown}
 g - a scroll of amnesia
Potions
 e - a potion of heal wounds {unknown}
 f - 2 potions of curing
 h - a potion of brilliance {unknown}
Books
 b - a book of Changes

   Spells                             Type                      Level
   a - Beastly Appendage              Transmutation                1
   b - Sticks to Snakes               Transmutation                2
   c - Spider Form                    Transmutation/Poison         3
   d - Ice Form                       Ice/Transmutation            4
   e - Blade Hands                    Transmutation                5
Comestibles
 c - a bread ration
 i - 4 chunks of flesh
 j - a meat ration


   Skills:
 + Level 2.1(1.7) Fighting
 + Level 4.1(3.6) Dodging
 * Level 5.2(4.7) Unarmed Combat
 + Level 3.1(2.6) Spellcasting
 * Level 3.9(3.4) Transmutations
 + Level 0.2(0.0) Poison Magic


You had 6 spell levels left.
You knew the following spells:

 Your Spells              Type           Power        Failure   Level  Hunger
a - Beastly Appendage     Trmt           ##....       6%          1    #......
b - Sticks to Snakes      Trmt           ##......     10%         2    ###....
c - Spider Form           Trmt/Pois      #.........   34%         3    ###....


Dungeon Overview and Level Annotations

Branches:
Dungeon (7/15)
 Temple: D:4-7

Altars:
Pakellas
Sif Muna
Trog

Annotations:
D:5 Dowan, Duvessa, Grinder


Innate Abilities, Weirdness & Mutations

You can breathe waves of freezing cold.
You can buffet flying creatures when you breathe cold.
Your icy white scales are hard (AC +6).
Your body does not fit into most forms of armour.
Your flesh is cold resistant.
You are cold-blooded and may be slowed by cold attacks.


Message History

The wight hits you with an enchanted spear.
* * * LOW HITPOINT WARNING * * *
You hit the wight.
You destroy the wight!
You hit the wight but do no damage. The wight misses you.
You hit the wight.
The wight is moderately damaged.
You closely miss the wight.
The wight is moderately damaged.
Your transformation has ended.
The wight closely misses you.
An orc comes into view.
The orc throws a tomahawk.
The tomahawk hits you.
* * * LOW HITPOINT WARNING * * *
You see here a tomahawk.
The orc throws a tomahawk.
The tomahawk closely misses you.
You see here a tomahawk.
The orc misses you.
The orc throws a tomahawk.
The tomahawk hits you.
You die...

#.))Z# #. #.#.###_###.#
#o##.##
..####)#..#...#... #
#.z## .....##..###....
##z.# ##...###........
##.# #..)####...##.##
#z#####.#......####..#
#.(.#...#.####.# ####
###z.)##..####.# #.
#o.@.....##..## #.
.............##...##+##.
.#####..>....##.........
#.......##.#.......
#..........#.##....
#........###..#....
#........# ##.#....
#######..####......
####.#......#...


You could see 2 wights and an orc.

Vanquished Creatures
  An orc warrior (D:7)
  An ogre (D:6)
  A centaur (D:7)
  2 giant frogs (D:7)
  A wight (D:7)
  A jelly (D:7)
  A hound (D:4)
  An iguana (D:7)
  A worker ant (D:7)
  A hound skeleton (D:6)
  A worker ant zombie (D:7)
  A gnoll (D:4)
  An adder (D:2)
  2 giant geckos
  4 orcs (D:7)
  A bat (D:1)
  2 giant cockroaches
  A goblin (D:1)
  3 hobgoblins (D:1)
  A kobold (D:1)
  A quokka (D:7)
  A ball python (D:1)
  A giant newt (D:1)
  2 rats
33 creatures vanquished.

Notes
Turn   | Place    | Note
--------------------------------------------------------------
     0 | D:1      | st0uf the Draconian Transmuter began the quest for the Orb.
     0 | D:1      | Reached XP level 1. HP: 16/16 MP: 3/3
   226 | D:1      | Reached XP level 2. HP: 20/23 MP: 3/5
   404 | D:4      | Reached XP level 3. HP: 9/28 MP: 3/6
   616 | D:5      | Entered Level 5 of the Dungeon
   616 | D:5      | Noticed Dowan
   616 | D:5      | Noticed Grinder
   640 | D:4      | Reached skill level 4 in Unarmed Combat
   645 | D:4      | Noticed a phantom
   683 | D:5      | Noticed Duvessa
   692 | D:5      | Noticed an ogre
   692 | D:5      | Noticed a centaur
   712 | D:5      | Noticed a centaur
   733 | D:6      | Noticed an ice beast
   734 | D:6      | Noticed an ogre
   780 | D:6      | Found a deep blue altar of Sif Muna.
   816 | D:7      | Noticed a centaur
   834 | D:7      | Killed a centaur
   834 | D:7      | Reached XP level 4. HP: 5/35 MP: 6/8
   834 | D:7      | Reached XP level 5. HP: 5/40 MP: 6/9
  1099 | D:7      | Learned a level 2 spell: Sticks to Snakes
  1103 | D:7      | Learned a level 3 spell: Spider Form
  1120 | D:7      | Found a bloodstained altar of Trog.
  1131 | D:7      | Noticed an orc warrior
  1149 | D:7      | Killed an orc warrior
  1149 | D:7      | Reached XP level 6. HP: 9/47 MP: 5/10
  1694 | D:7      | Reached skill level 5 in Unarmed Combat
  1694 | D:7      | Reached XP level 7. HP: 37/53 MP: 2/11
  1694 | D:7      | Your scales start taking on an icy white colour.
  1694 | D:7      | Gained mutation: Your flesh is cold resistant. [White Draconian growth]
  1785 | D:7      | Found an oddly glowing altar of Pakellas.
  1863 | D:7      | Hit by a tomahawk thrown by an orc

Vault maps used:
D:1:      saegor_arrival_simple_c
D:3:      kennysheep_the_goblin_king, first_bread, dk_noncrumbling_3, trog_book
D:4:      lemuel_coloured_pillars_altar
D:5:      nemelex_deck, lemuel_zombie_altar_kikubaaqudgha, uniq_duvessa,
          uniq_blork_the_orc, uniq_grinder
D:6:      lemuel_round_altar
D:7:      grunt_pakellas_salt, elyvilon_altar_1, kennysheep_mini_moat,
          minmay_temple_entry_statues, the_bakery, grunt_ministairs_15,
          st_stairs_12, sigmund_army

Action                   |  1- 3 |  4- 6 |  7- 9 || total
-------------------------+-------+-------+-------++-------
Melee: Unarmed           |    80 |    73 |    21 ||   174
 Cast: Beastly Appendage |    17 |     3 |     1 ||    21
       Spider Form       |       |     3 |     1 ||     4
 Abil: Breathe Frost     |       |       |     1 ||     1
  Use: Scroll            |     3 |       |       ||     3
  Eat: Chunk             |       |     2 |     3 ||     5
